 Dungeon Crawl Stone Soup version 0.18-a0-993-g4a3b7c7 (webtiles) character file.

1470 M4edhros the Covert (level 8, 0/48 HPs)
             Began as an Octopode Artificer on Jan 4, 2016.
             Was a Priest of Okawaru.
             Slain by a gnoll sergeant
             ... wielding a +2 spear of distortion
              (10 damage)
             ... on level 6 of the Dungeon.
             The game lasted 00:14:52 (6651 turns).

M4edhros the Covert (Octopode Artificer)            Turns: 6651, Time: 00:14:52

Health: 0/48       AC:  4    Str: 11    XL:     8   Next: 78%
Magic:  12/12      EV: 14    Int: 16    God:    Okawaru [***...]
Gold:   182        SH:  0    Dex: 12    Spells: 0 memorised, 7 levels left

rFire  . . .     SeeInvis .     z - +10 falchion "Mettai Ikew" {pain, +Inv}
rCold  + . .     Gourm    .     (no shield)
rNeg   . . .     Faith    .     (helmet restricted)
rPois  .         Spirit   .     (no amulet)
rElec  .         Dismiss  .     p - +2 ring of protection
rCorr  .         Reflect  .     e - ring of wizardry
SustAt .         Harm     .     (no ring)
MR     .....     Rnd*Tele +     (no ring)
Stlth  +++++.....               (no ring)
                                (no ring)
                                (no ring)
                                (no ring)

@: about to teleport, not resistant to hostile enchantments, quite stealthy
A: almost no armour, amphibious, 8 rings, constrict 8, camouflage 1, cold
resistance 1, shaggy fur 1, slow regeneration 1, teleportitis 1, gelatinous body
1
a: Heroism, Renounce Religion, Evoke Invisibility


You were on level 6 of the Dungeon.
You worshipped Okawaru.
Okawaru was most pleased with you.
You were very hungry.

You visited 2 branches of the dungeon, and saw 7 of its levels.

You collected 182 gold pieces.

Inventory:

Hand Weapons
 a - a +0 short sword
 l - a +2 hunting sling
 z - the +10 falchion "Mettai Ikew" (weapon) {pain, +Inv}
   (You found it on level 6 of the Dungeon)

   In the hands of one skilled in necromantic magic, it inflicts extra damage on
   living creatures.
   It lets you turn invisible.
 E - a +1 short sword of holy wrath
Missiles
 h - 325 stones (quivered)
 u - 58 sling bullets
 y - 20 exploding sling bullets
Magical Staves
 s - an uncursed staff of poison
Jewellery
 e - a ring of wizardry (right tentacle)
 p - a +2 ring of protection (left tentacle)
 r - an uncursed ring of teleportation
Wands
 c - a wand of enslavement (7/24)
 d - a wand of random effects (6/48)
 n - a wand of frost (30/48)
 q - a wand of slowing (8/48)
Scrolls
 i - a scroll of fog
 j - 4 scrolls of blinking
 t - a scroll of magic mapping
 v - a scroll of recharging
 w - 2 scrolls of noise {unknown}
 x - 2 scrolls of enchant armour
 D - 4 scrolls of remove curse
 G - a scroll of teleportation
Potions
 g - 2 potions of cancellation
 k - 5 potions of curing
 o - a potion of heal wounds
 A - a potion of magic
Books
 B - a book of Alchemy

   Spells                             Type                      Level
   a - Sublimation of Blood           Necromancy                   2
   b - Ignite Poison                  Fire/Transmutation/Poison    3
   c - Alistair's Intoxication        Transmutation/Poison         4
   d - Condensation Shield            Ice                          4
   e - Petrify                        Transmutation/Earth          4
   f - Irradiate                      Conjuration/Transmutation    5
Comestibles
 b - 5 fruits
 f - 6 bread rations
 m - a slice of pizza


   Skills:
 - Level 1.0 Fighting
 - Level 1.0 Short Blades
 * Level 5.2 Slings
 * Level 5.7 Dodging
 * Level 8.5 Stealth
 + Level 5.6 Evocations


You had 7 spell levels left.
You didn't know any spells.

Dungeon Overview and Level Annotations

Branches:
Dungeon (6/15)             Temple (1/1) D:4

Altars:
Ashenzari
Dithmenos
Elyvilon
Fedhas
Kikubaaqudgha
Okawaru
Qazlal
Sif Muna
Trog
Vehumet


Innate Abilities, Weirdness & Mutations

You cannot wear most types of armour.
You are amphibious.
You can wear up to eight rings at the same time.
You can use your tentacles to constrict eight enemies at once.
Your skin changes colour to match your surroundings (Stealth).
Your rubbery body absorbs attacks (AC +1).
Your flesh is cold resistant.
You are covered in fur (AC +1).
You regenerate slowly when monsters are visible.
You are occasionally teleported next to monsters.


Message History

The gnoll sergeant shouts!
The gnoll shouts!
The gnoll shouts!
You hear a shout!
The gnoll sergeant hits you from afar with a spear of distortion.
You feel strangely unstable.
The gnoll sergeant hits you with a spear of distortion.
Space bends around you.
The gnoll hits you from afar with a spear. x2
You hit the gnoll sergeant. You grab the gnoll sergeant.
Your squeeze misses the gnoll sergeant.
The gnoll sergeant is lightly wounded.
You constrict the gnoll sergeant, but do no damage.
The gnoll sergeant hits you with a spear of distortion.
Space bends around you. The gnoll hits you but does no damage.
The gnoll misses you. The gnoll sergeant closely misses you.
The gnoll hits you from afar with a spear!
* * * LOW HITPOINT WARNING * * *
A gnoll comes into view. It is wielding a spear.
You release your grip on the gnoll sergeant.
The gnoll sergeant hits you from afar with a spear of distortion!
You die...

#...#
..###...(.....#####
#...# ##
#######.### #...#
#.....# #...#
###.##### ####
#...# #.### #.#
###†# ##.@.# #..###
#g##


.gg ...g. ###### You could see a gnoll sergeant and 3 gnolls.

Vanquished Creatures
  Sigmund (D:3)
  A sky beast (D:5)
  An ice beast (D:5)
  2 phantoms (D:4)
  2 centaurs
  Blork the orc (D:6)
  2 scorpions (D:4)
  2 crimson imps (D:5)
  2 hounds
  4 orc priests
  4 orc wizards
  Terence (D:2)
  3 worker ants
  Robin (D:2)
  4 adders
  A gnoll (D:6)
  An adder zombie (D:5)
  An adder skeleton (D:4)
  3 worms
  A giant gecko (D:3)
  3 orcs
  8 bats
  5 giant cockroaches
  14 goblins
  8 hobgoblins
  6 jackals
  8 kobolds
  3 quokkas
  2 ball pythons
  A giant gecko skeleton (D:6)
  7 giant newts
  A quokka zombie (D:6)
  6 rats
110 creatures vanquished.

Vanquished Creatures (collateral kills)
  A worker ant (D:5)
  A goblin (D:2)
2 creatures vanquished.

Vanquished Creatures (others)
  An orc wizard (D:5)
  A worker ant (D:5)
  An orc (D:4)
  A goblin (D:2)
4 creatures vanquished.

Grand Total: 116 creatures vanquished

Notes
Turn   | Place    | Note
--------------------------------------------------------------
     0 | D:1      | M4edhros the Octopode Artificer began the quest for the Orb.
     0 | D:1      | Reached XP level 1. HP: 13/13 MP: 3/3
   261 | D:1      | Reached XP level 2. HP: 12/18 MP: 4/4
   715 | D:2      | Noticed Terence
   723 | D:2      | Killed Terence
   723 | D:2      | Reached XP level 3. HP: 23/23 MP: 5/5
   826 | D:2      | Reached skill level 1 in Slings
   835 | D:2      | Noticed Robin
   999 | D:3      | Found a deep blue altar of Sif Muna.
  1216 | D:4      | Noticed a centaur
  1219 | D:4      | Reached XP level 4. HP: 28/28 MP: 6/6
  1246 | D:4      | Found a staircase to the Ecumenical Temple.
  1262 | Temple   | Entered the Ecumenical Temple
  1307 | Temple   | Became a worshipper of Warmaster Okawaru
  1818 | D:1      | Reached skill level 4 in Stealth
  2465 | D:2      | Gained mutation: You are occasionally teleported next to monsters. [potion of mutation]
  2465 | D:2      | Gained mutation: You are covered in fur (AC +1). [potion of mutation]
  2498 | D:2      | Killed Robin
  2498 | D:2      | Reached XP level 5. HP: 10/33 MP: 7/7
  2848 | D:3      | Found a radiant altar of Vehumet.
  2891 | D:3      | Found an ancient bone altar of Kikubaaqudgha.
  2952 | D:3      | Noticed Sigmund
  3096 | D:3      | Killed Sigmund
  3096 | D:3      | Reached * piety under Okawaru
  3096 | D:3      | Reached skill level 5 in Stealth
  3096 | D:3      | Reached XP level 6. HP: 23/38 MP: 9/9
  3382 | D:5      | Entered Level 5 of the Dungeon
  3691 | D:5      | Noticed a phantom
  3963 | D:5      | Reached XP level 7. HP: 41/43 MP: 10/10
  4001 | D:5      | Found a stormy altar of Qazlal.
  4089 | D:5      | Reached skill level 6 in Stealth
  4452 | D:5      | Reached ** piety under Okawaru
  4771 | D:5      | Reached skill level 7 in Stealth
  4771 | D:5      | Reached skill level 5 in Evocations
  4844 | D:5      | Reached XP level 8. HP: 32/48 MP: 11/11
  5362 | D:4      | You fall through a shaft!
  5500 | D:4      | Reached skill level 5 in Dodging
  5546 | D:4      | Reached *** piety under Okawaru
  5612 | D:4      | Gained mutation: You regenerate slowly when monsters are visible. [potion of mutation]
  5612 | D:4      | Gained mutation: Your flesh is cold resistant. [potion of mutation]
  5731 | D:4      | Reached skill level 8 in Stealth
  6100 | D:4      | Reached skill level 5 in Slings
  6444 | D:6      | Noticed Blork the orc
  6454 | D:6      | Killed Blork the orc
  6593 | D:6      | Got a bone falchion
  6594 | D:6      | Identified the +10 falchion "Mettai Ikew" {pain, +Inv} (You found it on level 6 of the Dungeon)
  6651 | D:6      | Slain by a gnoll sergeant

Vault maps used:
D:1:      evilmike_arrival_run_for_it
D:2:      minmay_splitting_lines, minmay_misc_feat_doors, uniq_robin,
          uniq_terence
D:3:      overflow_temple_1_default, nicolae_overflow_crystal_walls,
          st_stairs_4, vehumet_altar_wand_db, uniq_sigmund
D:4:      first_bread, hangedman_decor_points, serial_park_tiny_1
D:5:      nicolae_qazlal_general_emergency
D:6:      grunt_temple_overflow_gold_and_silver, kennysheep_generic_room_5,
          uniq_blork_the_orc
Temple:   temple_island_7

Action                   |  1- 3 |  4- 6 |  7- 9 || total
-------------------------+-------+-------+-------++-------
Melee: Short sword       |    56 |   108 |    94 ||   258
       Falchion          |       |       |     7 ||     7
 Fire: Hunting sling     |    18 |    45 |    16 ||    79
Evoke: Wand              |     1 |     6 |    36 ||    43
  Use: Potion            |       |     6 |     5 ||    11
       Scroll            |       |    12 |     4 ||    16
 Stab: Sleeping          |     5 |    12 |     8 ||    25
       Distracted        |       |       |     1 ||     1
       Confused          |       |       |     1 ||     1
  Eat: Chunk             |     1 |     8 |     8 ||    17
